Map: Ulrena

Players

LiquidTLO (TLO)

  • Race: Zerg Zerg

puCK (Nina) - Winner!

  • Race: Protoss Protoss
  • League: Grandmaster

Event: puCK vs TLO Bo9 (Matcherino)

VOD

Have the link to the VOD?

Description

Time

  • Played on: Nov. 17, 2015, 1:37 p.m.
  • Length: 16:38

All games in this series

Show
View Real Time Build Order
Export as new Build Order

LiquidTLO Zerg 

Build Orders: Hatch First, Ravager All-In 

Get SALT Encoding   

  12  0:01  Drone  
  13  0:12  Overlord  
  13  0:18  Drone  
  14  0:30  Drone  
  14  0:31  Drone  
  16  0:50  Hatchery  
  16  0:52  Drone  
  17  0:57  Drone  
  17  1:12  Spawning Pool  
  17  1:14  Drone  
  17  1:16  Extractor  
  16  1:19  Drone  
  16  1:22  Drone  
  18  1:28  Drone  
  19  1:39  Overlord  
  19  1:50  Drone  
  20  1:59  Queen  
  22  2:01  Queen  
  22  2:02  Drone x2  
  26  2:14  Drone x2  
  28  2:22  Drone  
  29  2:23  Drone  
  30  2:32  Overlord  
  30  2:34  Drone  
  30  2:35  Queen  
  33  2:39  Queen  
  35  2:45  Drone  
  37  2:51  Drone  
  37  2:53  Drone  
  37  2:55  Drone  
  39  3:04  Overlord  
  39  3:06  Drone x2  
  39  3:07  Drone  
  39  3:08  Drone  
  39  3:10  Drone  
  44  3:16  Extractor  
  44  3:17  Drone  
  44  3:18  Spore Crawler, Drone  
  44  3:23  Drone, Roach Warren  
  44  3:26  Drone  
  46  3:27  Overlord  
  46  3:34  Overlord  
  46  3:43  Overlord  
  46  3:47  Overlord  
  46  3:52  Hatchery  
  46  4:00  Drone x3, Extractor  
  48  4:05  Roach x5  
  48  4:08  Hatchery  
  57  4:11  Roach  
  60  4:19  Roach  
  60  4:23  Queen x2  
  68  4:24  Roach  
  68  4:33  Spore Crawler, Ravager x5  
  68  4:37  Overlord  
  68  4:38  Drone  
  73  4:40  Drone  
  73  4:41  Drone  
  75  4:56  Spine Crawler  
  75  4:57  Ravager x2  
  75  4:59  Spine Crawler  
  75  5:02  Roach  
  75  5:03  Roach  
  75  5:04  Overlord  
  75  5:05  Roach  
  81  5:11  Queen  
  83  5:15  Ravager  
  83  5:20  Queen  
  84  5:31  Roach x3  
  84  5:33  Roach  
  92  5:51  Queen  
  92  5:52  Overlord  
  92  5:56  Roach, Queen  
  92  6:01  Roach  
  90  6:11  Hatchery, Roach  
  91  6:25  Ravager  
  92  6:31  Queen  
  92  6:32  Queen  
  92  6:39  Roach x2  
  82  6:40  Roach x5  
  82  6:41  Overlord  
  92  6:47  Evolution Chamber  
  92  6:48  Evolution Chamber  
  92  6:49  Ravager x2  
  92  6:59  Roach  
  92  7:00  Roach  
  92  7:01  Ravager x2  
  98  7:03  Roach  
  98  7:05  Extractor  
  98  7:07  Drone  
  100  7:18  Queen  
  100  7:23  Queen  
  100  7:25  Roach  
  100  7:27  Roach  
  100  7:28  Roach  
  106  7:41  Roach  
  106  7:50  Roach x3  
  106  7:51  Spore Crawler, Queen  
  101  7:52  Roach  
  101  7:58  Roach x3, Queen  
  103  8:00  Lair  
  103  8:02  Roach x2  
  103  8:04  Evolution Chamber  
  103  8:05  Evolution Chamber  
  103  8:07  Drone  
  103  8:08  Drone  
  103  8:10  Roach  
  90  8:16  Roach x3  
  90  8:17  Roach  
  89  8:22  Drone x2  
  89  8:35  Zerg Missile Weapons Level 1  
  89  8:36  Drone  
  89  8:41  Drone x2  
  91  8:42  Drone  
  91  8:44  Drone x2  
  91  8:46  Drone x2  
  91  8:48  Drone  
  94  8:56  Drone  
  94  8:58  Zerg Ground Armor Level 1  
  94  9:00  Roach  
  97  9:07  Overlord  
  97  9:10  Overlord  
  97  9:12  Spine Crawler  
  97  9:15  Glial Reconstitution  
  96  9:20  Overseer  
  96  9:29  Roach  
  96  9:31  Drone  
  96  9:33  Hatchery  
  96  9:34  Roach  
  95  9:48  Ravager x2  
  95  9:49  Roach  
  97  9:56  Drone  
  97  9:57  Overlord x4  
  98  10:01  Ravager x2, Roach  
  98  10:04  Roach  
  98  10:05  Roach  
  98  10:06  Roach  
  85  10:08  Ravager, Roach  
  85  10:12  Roach  
  85  10:14  Roach  
  92  10:16  Roach  
  92  10:20  Roach  
  96  10:21  Roach  
  96  10:25  Roach  
  96  10:26  Roach  
  102  10:29  Roach  
  102  10:32  Drone x3  
  107  10:35  Extractor  
  107  10:37  Roach  
  107  10:40  Roach x2  
  112  10:44  Roach  
  112  10:46  Roach  
  112  10:47  Roach  
  118  10:52  Roach x2  
  118  10:55  Roach  
  122  10:57  Overlord  
  122  11:03  Roach  
  124  11:04  Roach  
  124  11:07  Metabolic Boost  
  127  11:11  Zergling x8  
  127  11:16  Zergling x4  
  132  11:19  Zergling x2  
  132  11:20  Zergling x4  
  132  11:21  Drone  
  136  11:25  Zerg Melee Weapons Level 1  
  136  11:27  Zergling x4  
  139  11:32  Zergling x2  
  139  11:33  Zergling x2  
  139  11:37  Zergling x4  
  139  11:38  Zergling x4  
  144  11:45  Zergling x2  
  144  11:46  Zergling x2  
  141  11:47  Zergling x4  
  141  11:48  Zergling x2  
  141  11:52  Zergling x2  
  141  11:53  Overlord x2  
  141  11:54  Overlord  
  144  11:57  Overlord  
  144  12:04  Overlord  
  144  12:06  Overlord  
  144  12:08  Overlord  
  144  12:12  Zergling x2  
  144  12:14  Zergling x2  
  144  12:15  Roach  
  146  12:16  Roach x2  
  146  12:18  Zergling x4  
  146  12:19  Zergling x6  
  146  12:21  Roach  
  154  12:31  Roach  
  154  12:32  Roach x3  
  154  12:33  Roach x2  
  154  12:34  Roach  
  154  12:36  Roach  
  154  12:41  Roach x2  
  154  12:43  Roach  
  158  12:48  Roach  
  153  12:51  Roach  
  153  12:52  Roach x2  
  153  12:54  Roach  
  153  12:55  Roach  
  153  12:57  Roach  
  159  12:59  Roach  
  159  13:00  Roach  
  159  13:02  Roach  
  144  13:07  Roach x2  
  144  13:09  Roach  
  144  13:12  Zergling x4  
  125  13:13  Zergling x2  
  125  13:14  Zergling x2  
  125  13:15  Zergling x2  
  125  13:17  Zergling x2  
  125  13:18  Zergling x4  
  117  13:21  Zergling x2  
  117  13:23  Zergling x4  
  117  13:26  Drone  
  113  13:27  Zergling x2  
  113  13:31  Drone  
  113  13:33  Zergling x2  
  113  13:35  Overseer  
  113  13:38  Zergling x4  
  113  13:40  Zergling x2  
  116  13:43  Zerg Melee Weapons Level 2  
  114  13:49  Roach  
  114  13:51  Drone x2  
  114  13:55  Overseer  
  118  13:56  Spore Crawler  
  118  14:01  Zergling x2  
  118  14:02  Zergling x2  
  105  14:03  Zergling x4  
  105  14:04  Zergling x2  
  105  14:06  Zergling x6  
  105  14:07  Zergling x2  
  112  14:10  Zergling x8  
  112  14:13  Zergling x4  
  112  14:14  Zergling x2  
  112  14:15  Zergling x2  
  120  14:19  Roach  
  120  14:22  Roach  
  120  14:23  Roach  
  120  14:26  Roach  
  120  14:30  Roach  
  120  14:31  Roach  
  121  14:34  Roach  
  121  14:36  Roach  
  121  14:38  Roach  
  111  14:42  Roach  
  111  14:43  Zergling x2  
  111  14:45  Zergling x2  
  99  14:49  Zergling x2  
  99  14:50  Zergling x4  
  99  14:51  Zergling x2  
  100  14:55  Roach  
  100  14:56  Roach  
  100  15:03  Zergling x4  
  98  15:12  Zergling x6  
  98  15:23  Zergling x10  
  98  15:24  Zergling x2  
  102  15:29  Roach  
  102  15:33  Roach  
  102  15:41  Zergling x2  
  92  15:45  Zergling x2  
  93  15:53  Zergling x2  
  81  16:17  Ravager x2  
  81  16:18  Ravager x2  
Show
View Real Time Build Order
Export as new Build Order

puCK Protoss - Winner!

Build Orders: 1 Gate Expand, Blink Stalkers 

Get SALT Encoding   

  12  0:00  Probe (Chrono Boost)  
  13  0:11  Probe (Chrono Boost)  
  14  0:19  Pylon  
  14  0:22  Probe (Chrono Boost)  
  15  0:37  Gateway, Probe (Chrono Boost)  
  16  0:48  Probe (Chrono Boost)  
  17  0:58  Probe (Chrono Boost)  
  18  1:09  Probe (Chrono Boost)  
  19  1:16  Nexus  
  19  1:20  Probe (Chrono Boost)  
  20  1:26  Assimilator  
  20  1:31  Probe (Chrono Boost)  
  21  1:39  Cybernetics Core  
  21  1:41  Probe (Chrono Boost)  
  22  1:47  Pylon  
  22  1:52  Probe (Chrono Boost)  
  23  1:57  Assimilator  
  23  2:06  Probe (Chrono Boost)  
  24  2:15  Adept (Chrono Boost)  
  26  2:16  Probe  
  26  2:21  Warp Gate  
  27  2:27  Probe  
  27  2:28  Probe (Chrono Boost)  
  29  2:39  Probe (Chrono Boost)  
  29  2:40  Probe (Chrono Boost)  
  29  2:41  Twilight Council  
  31  2:50  Probe (Chrono Boost)  
  33  2:51  Probe (Chrono Boost)  
  33  3:01  Mothership Core (Chrono Boost)  
  33  3:02  Gateway  
  33  3:03  Probe (Chrono Boost)  
  33  3:05  Gateway  
  36  3:14  Probe (Chrono Boost)  
  36  3:18  Probe (Chrono Boost)  
  38  3:24  Probe (Chrono Boost)  
  38  3:26  Pylon  
  37  3:27  Blink (Chrono Boost)  
  37  3:28  Probe  
  38  3:36  Probe  
  38  3:38  Probe  
  40  3:42  Adept  
  40  3:44  Gateway  
  40  3:48  Probe, Gateway  
  43  3:49  Probe  
  44  4:00  Probe, Robotics Facility  
  44  4:01  Probe  
  46  4:06  Assimilator  
  46  4:08  Assimilator  
  46  4:11  Probe  
  46  4:12  Probe  
  46  4:16  Pylon  
  50  4:22  Probe  
  49  4:30  Pylon  
  49  4:33  Probe  
  49  4:35  Stalker x3  
  56  4:42  Stalker  
  56  4:44  Stalker  
  60  4:48  Pylon  
  60  4:49  Pylon  
  60  4:54  Immortal (Chrono Boost)  
  60  4:58  Pylon  
  64  5:04  Pylon  
  64  5:07  Pylon  
  64  5:12  Pylon  
  62  5:16  Sentry x2  
  62  5:17  Sentry  
  68  5:27  Stalker  
  69  5:31  Observer, Pylon  
  69  5:32  Pylon  
  70  5:38  Stalker  
  72  5:50  Stalker x2  
  65  6:06  Nexus  
  65  6:10  Robotics Bay  
  65  6:13  Adept x2  
  65  6:17  Adept  
  71  6:24  Stalker  
  67  6:39  Stalker  
  67  6:40  Stalker  
  67  6:47  Pylon  
  69  7:02  Disruptor (Chrono Boost)  
  72  7:12  Adept  
  72  7:13  Adept  
  76  7:16  Zealot  
  74  7:28  Stalker  
  74  7:34  Stalker x2  
  67  7:51  Stalker, Warp Prism (Chrono Boost)  
  69  8:00  Nexus  
  69  8:17  Stalker  
  71  8:22  Disruptor (Chrono Boost)  
  74  8:51  Nexus  
  74  8:53  Disruptor (Chrono Boost)  
  77  9:12  Observer Gravitic Boosters  
  77  9:19  Stalker x2  
  81  9:35  Pylon  
  81  9:38  Gateway  
  81  9:41  Gateway  
  80  10:08  Stalker x3  
  80  10:12  Probe  
  80  10:13  Probe x2  
  89  10:22  Probe  
  89  10:27  Pylon  
  90  10:29  Disruptor (Chrono Boost)  
  90  10:31  Probe  
  90  10:32  Probe  
  95  10:38  Stalker  
  95  10:39  Stalker  
  95  10:41  Probe  
  98  10:57  Stalker  
  98  10:58  Stalker x2, Probe x2  
  98  11:00  Probe  
  98  11:01  Observer (Chrono Boost)  
  108  11:09  Probe  
  109  11:12  Stalker x2  
  109  11:16  Probe  
  109  11:17  Probe  
  115  11:19  Observer (Chrono Boost)  
  115  11:22  Stalker x2  
  115  11:23  Probe, Forge  
  121  11:26  Resonating Glaives, Probe  
  121  11:30  Probe  
  123  11:33  Adept  
  123  11:35  Adept  
  123  11:37  Probe x2  
  129  11:42  Assimilator  
  129  11:44  Assimilator  
  129  11:50  Pylon  
  129  11:51  Dark Shrine  
  127  12:04  Stalker x4  
  135  12:21  Disruptor (Chrono Boost)  
  138  12:24  Gravitic Drive  
  138  12:26  Forge  
  138  12:27  Gateway  
  138  12:28  Gateway  
  132  12:35  Stalker x3  
  134  12:39  Stalker  
  130  12:52  Disruptor (Chrono Boost)  
  113  13:10  Probe x2  
  113  13:11  Probe  
  113  13:12  Stalker x5  
  111  13:20  Probe x2  
  111  13:23  Probe, Disruptor (Chrono Boost)  
  117  13:29  Protoss Ground Weapons Level 1  
  117  13:31  Probe x2  
  117  13:32  Photon Cannon  
  119  13:37  Probe, Dark Templar  
  118  13:41  Probe x2  
  118  13:44  Photon Cannon  
  120  13:54  Disruptor (Chrono Boost)  
  123  14:05  Stalker x3  
  123  14:06  Stalker x3  
  130  14:25  Disruptor (Chrono Boost)  
  130  14:29  Nexus  
  118  14:41  Adept  
  118  14:42  Adept x3  
  118  14:45  Stalker x3  
  127  14:57  Observer (Chrono Boost), Pylon  
  127  14:59  Pylon  
  128  15:06  Adept x2  
  123  15:27  Disruptor (Chrono Boost)  
  121  15:33  Pylon  
  115  15:37  Pylon  
  115  15:43  Stalker x4  
  115  15:44  Stalker x3  
  115  16:16  Stalker x2  
  115  16:17  Stalker x4  
  115  16:18  Nexus  

Tags
 
Add a new tag
Caveats
  • Supply blocks, unpowered buildings, or Contaminate may cause inaccurate times.
  • Supply counts are checked every 10 seconds.